 Dungeon Crawl Stone Soup version 0.28.0 (webtiles) character file.

Game seed: 13329830371563108243

968 raph the Spear-Bearer (level 8, -2/57 HPs)
             Began as a Merfolk Gladiator on Feb 18, 2022.
             Slain by a killer bee (6 damage)
             ... on level 5 of the Dungeon.
             The game lasted 00:08:56 (7359 turns).

raph the Spear-Bearer (Merfolk Gladiator)           Turns: 7359, Time: 00:08:56

Health: -2/57      AC:  5    Str: 14    XL:     8   Next: 15%
Magic:  8/8        EV: 14    Int:  8    God:
Gold:   270        SH:  5    Dex: 17    Spells: 7/7 levels left

rFire   . . .      SeeInvis +   a - +1 trident
rCold   . . .      Faith    .   (no shield)
rNeg    + . .      Spirit   .   b - +0 leather armour
rPois   .          Reflect  +   c - +0 helmet
rElec   .          Harm     .   g - +0 cloak of Ecwo {rN+}
rCorr   .          Rampage  .   (no gloves)
Will    .....                   (no boots)
Stlth   ++........              k - amulet of reflection
HPRegen 0.19/turn               j - ring of see invisible
MPRegen 0.11/turn               (no ring)

@: lethally poisoned (-2 -> -14)
A: (nimble swimmer 2), mertail
a: no special abilities


You were on level 5 of the Dungeon.
You visited 1 branch of the dungeon, and saw 5 of its levels.
You also visited: Sewer.

You collected 270 gold pieces.

Inventory:

Hand Weapons
 a - a +1 trident (weapon)
Missiles
 d - 3 throwing nets
 e - 11 poisoned darts (quivered)
Armour
 b - a +0 leather armour (worn)
 c - a +0 helmet (worn)
 g - the +0 cloak of Ecwo (worn) {rN+}
   (You found it on level 4 of the Dungeon)

   rN:        It protects you from negative energy.
Jewellery
 i - a ring of flight
 j - a ring of see invisible (left hand)
 k - an amulet of reflection (around neck)
 o - an amulet of magic regeneration
Scrolls
 h - 4 scrolls of blinking
 l - 2 scrolls of teleportation
 n - a scroll of enchant weapon
Potions
 f - 4 potions of curing
 m - 2 potions of degeneration {unknown}
 p - a potion of mutation {unknown}


   Skills:
 + Level 2.9 Fighting
 + Level 12.7 Polearms
 + Level 2.2 Throwing
 + Level 4.6 Dodging
 + Level 1.9 Stealth


You had 7 spell levels left.
You didn't know any spells.
Your spell library was empty.

Dungeon Overview and Level Annotations

Branches:
Dungeon (5/15)              Sewer (visited)
 Temple: D:4-7

Altars:


Innate Abilities, Weirdness & Mutations

((You are very nimble when in or above water. (Stealth+, EV+, Speed+++)))
Your lower body shifts to a powerful aquatic tail in water.


Message History

You are too injured to fight recklessly!
You are too injured to fight recklessly!
You miss the killer bee.
The killer bee is moderately wounded.
The killer bee closely misses you.
You hit the killer bee.
The killer bee is severely wounded.
The killer bee stings you!
You barely miss the killer bee.
The killer bee is severely wounded.
The killer bee completely misses you.
You puncture the killer bee!
You kill the killer bee!
You puncture the killer bee!
The killer bee is heavily wounded.
The killer bee stings you but does no damage.
You closely miss the killer bee.
The killer bee is heavily wounded.
The killer bee closely misses you.
You closely miss the killer bee.
The killer bee is heavily wounded.
The killer bee stings you.
You are poisoned.
The killer bee poisons you! The killer bee stings you.
* * * LOW HITPOINT WARNING * * *
You miss the killer bee.
The killer bee is heavily wounded.
You feel sick.
The killer bee stings you but does no damage.
You miss the killer bee.
The killer bee is heavily wounded.
You feel sick. The killer bee stings you!
* * * LOW HITPOINT WARNING * * *
You are lethally poisoned!
The killer bee poisons you!
You hit the killer bee.
The killer bee is severely wounded.
* * * LOW HITPOINT WARNING * * *
You feel sick. The killer bee stings you.
You die...

#######
#....[###########
#######.#(............#
..........#.#########.#
####.#..###.# #.#
#...y@.# #.#
#.##############.#
........# ####........#
#.####..# .........####
#..# .###.###.# #..#
#.###.#### ..y#
#........# ... (..#
#..##.##.# ... ....#
#..##.##.#####


You could see a killer bee.

Vanquished Creatures
  Menkaure (D:4)
  Edmund (D:4)
  An ogre (D:3)
  A bullfrog (Sewer)
  A scorpion (D:3)
  2 killer bees
  A howler monkey (D:4)
  2 orc priests (D:3)
  A hound (D:5)
  An iguana (D:4)
  An orc wizard (D:3)
  Robin (D:4)
  11 adders
  A river rat (D:4)
  An adder skeleton (D:4)
  A worm (D:2)
  3 dart slugs
  6 orcs
  6 bats
  14 endoplasms
  8 giant cockroaches
  18 goblins
  9 hobgoblins
  A jackal (D:1)
  7 kobolds
  10 quokkas
  13 ball pythons
  15 frilled lizards
  3 rats
  A spectral goblin (D:1)
142 creatures vanquished.

Vanquished Creatures (others)
  12 plants (D:4)
12 creatures vanquished.

Grand Total: 154 creatures vanquished

Notes
Turn   | Place    | Note
-------+----------+-------------------------------------------
     0 | D:1      | raph the Merfolk Gladiator began the quest for the Orb.
     0 | D:1      | Reached XP level 1. HP: 16/16 MP: 1/1
    67 | D:1      | Reached skill level 5 in Polearms
   247 | D:1      | Found a faded altar of an unknown god.
   254 | D:1      | Reached XP level 2. HP: 22/22 MP: 2/2
  1120 | D:2      | Reached skill level 6 in Polearms
  1120 | D:2      | Reached XP level 3. HP: 27/27 MP: 3/3
  2032 | D:2      | Reached skill level 7 in Polearms
  2032 | D:2      | Reached XP level 4. HP: 25/33 MP: 4/4
  3022 | D:3      | Noticed an ogre
  3120 | D:3      | Reached skill level 8 in Polearms
  3120 | D:3      | Reached XP level 5. HP: 38/38 MP: 5/5
  3450 | D:3      | Reached skill level 9 in Polearms
  3494 | D:4      | Found a glowing drain.
  3696 | D:4      | Noticed Robin
  3697 | D:4      | Identified the +0 cloak of Ecwo {rN+}
  3725 | D:4      | Killed Robin
  3726 | D:4      | Reached XP level 6. HP: 27/44 MP: 6/6
  3750 | Sewer    | Entered a sewer
  4454 | Sewer    | Reached skill level 10 in Polearms
  4698 | Sewer    | Identified the +3 dagger of the Eternal Void {venom, rF+
                  | rN+ Stlth+}
  4953 | D:4      | Noticed Edmund
  5266 | D:3      | Reached skill level 11 in Polearms
  5266 | D:3      | Reached XP level 7. HP: 50/50 MP: 7/7
  6220 | D:4      | Noticed Menkaure
  6231 | D:4      | Killed Menkaure
  6232 | D:4      | Reached skill level 12 in Polearms
  6483 | D:5      | Entered Level 5 of the Dungeon
  6721 | D:4      | Killed Edmund
  6722 | D:4      | Reached skill level 1 in Stealth
  6722 | D:4      | Reached XP level 8. HP: 57/57 MP: 8/8
  7359 | D:5      | Slain by a killer bee

Illustrated notes

Levels and vault maps discovered:
D:1:      onia_arrival_mini_spirals, layout_basic,
          dreamdust_ecumenical_altar_drowned_temple, minmay_pentomino_z2
D:2:      layout_loops_ring, minmay_cut_off
D:3:      layout_rooms, serial_aquarium, aquarium_bridge_straight
          [aquarium_subvault_bridge, aquarium_subvault_balcony,
          aquarium_subvault_bridge, aquarium_subvault_window],
          aquarium_bridge_straight [aquarium_subvault_bridge,
          aquarium_subvault_wall, aquarium_subvault_bridge,
          aquarium_subvault_wall], aquarium_window_2,
          aquarium_window_corridor_1, aquarium_window_2, aquarium_window_1,
          aquarium_view_4, aquarium_balcony_3b, minmay_strange_pillars,
          minmay_ogre_servants
D:4:      layout_loops_ring, cheibrodos_sewer_entry_sluice, chequers_big_river,
          uniq_robin, uniq_edmund, uniq_menkaure
D:5:      layout_loops_ring, nicolae_elevator_lobby_asterisk, uniq_sigmund,
          uniq_blork_the_orc

Skill      XL: |  1  2  3  4  5  6  7 |
---------------+----------------------+-----
Polearms       | 5 6 7 8 9 11 12 | 12.7
Stealth        | 1 |  1.9
Fighting       | |  2.9
Throwing       | |  2.2
Dodging        | |  4.6

Action                   |  1- 3 |  4- 6 |  7- 9 || total
-------------------------+-------+-------+-------++-------
Melee: Trident           |   108 |   284 |   101 ||   493
       Punch             |     2 |     4 |     2 ||     8
       Tailslap          |       |    10 |     1 ||    11
Throw: Dart              |       |       |     7 ||     7
  Use: Scroll            |     4 |     3 |     1 ||     8
       Potion            |       |       |     1 ||     1
 Stab: Sleeping          |     3 |     4 |     2 ||     9
       Distracted        |       |     1 |     1 ||     2
Armor: Leather armour    |    24 |    51 |     8 ||    83
Dodge: Dodged            |    55 |   161 |    41 ||   257
Block: Other             |       |       |     5 ||     5
